 Dungeon Crawl Stone Soup version 0.20.1-1-g8b1a95d (webtiles) character file.

189 stormannn the Covert (level 5, -4/34 HPs)
             Began as an Octopode Assassin on Dec 8, 2017.
             Slain by a gnoll sergeant
             ... wielding a +2 spear of venom
              (9 damage)
             ... on level 3 of the Dungeon.
             The game lasted 00:08:53 (2880 turns).

stormannn the Covert (Octopode Assassin)            Turns: 2880, Time: 00:08:54

Health: -4/34      AC:  1    Str: 11    XL:     5   Next: 68%
Magic:  5/5        EV: 13    Int: 13    God:
Gold:   81         SH:  0    Dex: 14    Spells: 4/4 levels left

rFire    . . .     SeeInvis .   b - +4 dagger
rCold    . . .     Gourm    .   (no shield)
rNeg     . . .     Faith    .   (helmet restricted)
rPois    .         Spirit   .   (no amulet)
rElec    .         Reflect  .   (no ring)
rCorr    .         Harm     .   (no ring)
MR       .....                  (no ring)
Stlth    +++++.....             (no ring)
Regen    0.2/turn               (no ring)
MPRegen  0.1/turn               (no ring)
                                (no ring)
                                (no ring)

@: lethally poisoned (-4 -> -19)
A: almost no armour, stealthy swim, amphibious, 8 rings, constrict 8, camouflage
1, gelatinous body 1
a: no special abilities


You were on level 3 of the Dungeon.
You were not hungry.

You visited 1 branch of the dungeon, and saw 4 of its levels.

You collected 81 gold pieces.

Inventory:

Hand Weapons
 b - a +4 dagger (weapon)
Missiles
 c - 27 poisoned needles
 d - 2 curare-tipped needles
Scrolls
 e - a scroll of blinking {unknown}
Potions
 a - a potion of heal wounds {unknown}
 i - a potion of agility {unknown}
 k - a potion of mutation {unknown}
 l - 2 potions of might {unknown}
Books
 q - a book of Minor Magic

   Spells                             Type                      Level
   a - Magic Dart                     Conjuration                  1
   b - Blink                          Translocation                2
   c - Call Imp                       Summoning                    2
   d - Slow                           Hexes                        2
   e - Conjure Flame                  Conjuration/Fire             3
   f - Mephitic Cloud                 Conjuration/Poison/Air       3
Comestibles
 f - 4 bread rations
 g - a meat ration


   Skills:
 - Level 2.0 Fighting
 + Level 3.8 Short Blades
 - Level 2.0 Throwing
 - Level 1.0 Dodging
 * Level 8.1 Stealth


You had 4 spell levels left.
You didn't know any spells.

Dungeon Overview and Level Annotations

Branches:
Dungeon (4/15)
 Temple: D:4-7

Altars:
Gozag


Innate Abilities, Weirdness & Mutations

You cannot wear most types of armour.
You are very stealthy in the water. (Stealth+)
You are amphibious.
You can wear up to eight rings at the same time.
You can use your tentacles to constrict eight enemies at once.
Your skin changes colour to match your surroundings (Stealth+).
Your rubbery body absorbs attacks. (AC +1, EV +1)


Message History

You are more poisoned.
Okay, then.
You hit the gnoll sergeant.
The gnoll sergeant is moderately wounded.
You constrict the gnoll sergeant, but do no damage.
* * * LOW HITPOINT WARNING * * *
You feel sick. The gnoll sergeant barely misses you.
You hit the gnoll sergeant.
The gnoll sergeant is moderately wounded.
You constrict the gnoll sergeant.
* * * LOW HITPOINT WARNING * * *
You feel sick.
You hit the gnoll sergeant.
You squeeze the gnoll sergeant, but do no damage.
The gnoll sergeant is heavily wounded.
You constrict the gnoll sergeant, but do no damage.
* * * LOW HITPOINT WARNING * * *
You feel sick.
The gnoll sergeant hits you with a spear of venom!
You die...

#.#.#[#.#.#.#.#.#####.#.......###
.#.#)#.#.#.#.#.#.# #.........#
#.#.#)#.#.#.#.#.## ###.......#
.#.#.#.#.#.#.#.#.# #.......#
#)#.#.#.#.#.#.#.## #.......#
.#)#.#.#.#.#.#.#.######.......#
#.#.#.#.#.#.#.#..)....#.......#
.#.#.#.#.#.#.#+.......#.......#
#.#.#.#.#.#.#.#.@.....#.......#
.#(#.#.#.#.#.#..g.....#.......#
#.#.#.#.#.#.#.#.......#.......#
####.#.##.#####.......#.......#
.....#.##.# #.......#########
######.##.######.######
..........#......#########
.####.....#.##...........# .#
#.....# #......>....#


You could see a gnoll sergeant.

Vanquished Creatures
  An orc priest (D:3)
  6 gnolls
  5 adders
  A worm (D:3)
  A leopard gecko (D:1)
  4 orcs (D:3)
  3 giant cockroaches
  7 goblins
  5 hobgoblins
  4 jackals (D:3)
  A ball python (D:2)
  A bat (D:1)
  6 frilled lizards
  8 kobolds
  2 rats
55 creatures vanquished.

Notes
Turn   | Place    | Note
-------+----------+-------------------------------------------
     0 | D:1      | stormannn the Octopode Assassin began the quest for the Orb.
     0 | D:1      | Reached XP level 1. HP: 14/14 MP: 1/1
   134 | D:1      | Reached XP level 2. HP: 3/19 MP: 2/2
   616 | D:1      | Reached skill level 6 in Stealth
   810 | D:2      | Found a faded altar of an unknown god.
   845 | D:2      | Found an opulent altar of Gozag.
  1003 | D:2      | Reached XP level 3. HP: 24/24 MP: 3/3
  1448 | D:3      | Reached XP level 4. HP: 29/29 MP: 4/4
  1502 | D:3      | Reached skill level 7 in Stealth
  1738 | D:3      | Reached XP level 5. HP: 34/34 MP: 5/5
  2091 | D:3      | Reached skill level 8 in Stealth
  2880 | D:3      | Slain by a gnoll sergeant

Skill      XL: |  1  2  3  4  5 |
---------------+----------------+-----
Stealth        | 6 7 8 |  8.1
Short Blades   | 3 |  3.8
Fighting       | |  2.0
Throwing       | |  2.0
Dodging        | |  1.0

Action                   |  1- 3 |  4- 6 || total
-------------------------+-------+-------++-------
Melee: Dagger            |    34 |    57 ||    91
       Constrict         |    13 |    14 ||    27
       Tentacles         |     7 |     7 ||    14
       Short sword       |    19 |       ||    19
  Use: Scroll            |     1 |     5 ||     6
 Stab: Sleeping          |     9 |     5 ||    14
       Distracted        |     1 |       ||     1
  Eat: Chunk             |     2 |     2 ||     4
       Bread ration      |       |     1 ||     1
Armor: Skin              |     5 |     2 ||     7
Dodge: Dodged            |    36 |    34 ||    70
